 Dungeon Crawl Stone Soup version 0.27-a0-40-g5f2be0e231 (webtiles) character file.

Game seed: 14109475691416625734

56 jestyr24 the Sneak (level 3, -2/25 HPs)
             Began as an Octopode Brigand on Jan 6, 2021.
             Killed from afar by an orc wizard (7 damage)
             ... with a magic dart
             ... on level 3 of the Dungeon.
             The game lasted 00:06:24 (2316 turns).

jestyr24 the Sneak (Octopode Brigand)               Turns: 2316, Time: 00:06:25

Health: -2/25      AC:  1    Str: 10    XL:     3   Next: 95%
Magic:  3/3        EV: 12    Int: 13    God:
Gold:   79         SH:  5    Dex: 14    Spells: 2/2 levels left

rFire    . . .     SeeInvis .   a - +2 dagger
rCold    . . .     Faith    .   o - +2 buckler
rNeg     + . .     Spirit   .   (helmet restricted)
rPois    .         Reflect  .   (no amulet)
rElec    .         Harm     .   n - ring of positive energy
rCorr    .         Rampage  .   (no ring)
Will     .....                  (no ring)
Stlth    ++++......             (no ring)
HPRegen  0.08/turn              (no ring)
MPRegen  0.08/turn              (no ring)
                                (no ring)
                                (no ring)

@: no status effects
A: almost no armour, stealthy swim, amphibious, 8 rings, constrict 8, camouflage
1, gelatinous body 1
a: no special abilities


You were on level 3 of the Dungeon.
You visited 1 branch of the dungeon, and saw 3 of its levels.

You collected 79 gold pieces.

Inventory:

Hand Weapons
 a - a +2 dagger (weapon)
 d - a +0 spear
 r - a +0 dagger of venom
Missiles
 b - 8 poisoned darts (quivered)
 c - 2 curare-tipped darts
 q - a throwing net
Armour
 o - a +2 buckler (worn)
Jewellery
 n - a ring of positive energy (left tentacle)
Scrolls
 e - 4 scrolls of identify {unknown}
 h - a scroll of immolation {unknown}
 i - 5 scrolls of remove curse {unknown}
 l - a scroll of amnesia {unknown}
 s - 3 scrolls of fear {unknown}
 v - a scroll of magic mapping {unknown}
Potions
 f - a potion of ambrosia {unknown}
 g - a potion of might {unknown}
 j - a potion of degeneration {unknown}
 k - a potion of mutation {unknown}
 m - 3 potions of cancellation {unknown}
 p - 2 potions of flight {unknown}
 t - a potion of lignification {unknown}
 u - a potion of brilliance {unknown}


   Skills:
 + Level 2.4 Fighting
 + Level 2.5 Short Blades
 + Level 2.1 Throwing
 + Level 1.4 Dodging
 + Level 6.4 Stealth


You had 2 spell levels left.
You didn't know any spells.
Your spell library was empty.

Dungeon Overview and Level Annotations

Branches:
Dungeon (3/15)

Altars:
Ru


Innate Abilities, Weirdness & Mutations

You cannot wear most types of armour.
You are very stealthy in the water. (Stealth+)
You are amphibious.
You can wear up to eight rings at the same time.
You can use your tentacles to constrict eight enemies at once.
Your skin changes colour to match your surroundings (Stealth+).
Your rubbery body absorbs attacks. (AC +1, EV +1)


Message History

You hear some strange, mumbled words.
You are confused.
You completely miss something.
You bump into the rock wall.
You bump into the rock wall.
The orc closely misses you.
You bump into the rock wall.
The orc hits you with a +0 club.
* * * LOW HITPOINT WARNING * * *
You bump into the rock wall.
The orc closely misses you.
You hit the orc but do no damage. Your squeeze misses the orc.
The orc misses you.
You hit the orc. Your squeeze misses the orc.
The orc is moderately wounded.
You feel less confused. The orc barely misses you.
You hit the orc. You grab the orc. You squeeze the orc.
You kill the orc!
You hear some strange, mumbled words.
A magic dart appears from out of thin air!
The magic dart hits you!
You die...

#.####..#
......#..###
...#
#......#
...#.
####.###
####. #.# ##
#.# #.# #.#
#@# #{#


bK# wgoo roor. ....... ........ .........# You could see a dart slug, 4 orcs, a
hobgoblin, a bat, a kobold and 2 rats.

Vanquished Creatures
  An adder (D:2)
  A dart slug (D:1)
  2 leopard geckos (D:1)
  An orc (D:3)
  8 bats
  3 giant cockroaches (D:1)
  6 goblins
  5 hobgoblins
  5 kobolds
  6 frilled lizards
  2 rats (D:1)
40 creatures vanquished.

Notes
Turn   | Place    | Note
-------+----------+-------------------------------------------
     0 | D:1      | jestyr24 the Octopode Brigand began the quest for the Orb.
     0 | D:1      | Reached XP level 1. HP: 14/14 MP: 1/1
   228 | D:1      | Reached XP level 2. HP: 16/19 MP: 2/2
   364 | D:1      | Reached skill level 6 in Stealth
   643 | D:1      | Reached XP level 3. HP: 25/25 MP: 3/3
  2116 | D:2      | Found a sacrificial altar of Ru.
  2316 | D:3      | Killed from afar by an orc wizard

Illustrated notes

Levels and vault maps discovered:
D:1:      dpeg_arrival_fog, layout_basic
D:2:      layout_basic, nicolae_ru_the_path_less_chosen
D:3:      layout_rooms, overflow_temple_1_default,
          cheibrodos_sewer_entry_sluice, uniq_sigmund, uniq_crazy_yiuf_cottage,
          uniq_natasha

Skill      XL: |  1  2 |
---------------+-------+-----
Stealth        | 6 |  6.4
Fighting       | |  2.4
Short Blades   | |  2.5
Throwing       | |  2.1
Dodging        | |  1.4

Action                   || total
-------------------------++-------
Melee: Dagger            ||    73
       Constrict         ||    10
       Tentacles         ||     7
 Stab: Sleeping          ||    18
Armor: Skin              ||    10
Dodge: Dodged            ||    39

Table legend: (Time is in decaauts)
 A = Elapsed time spent in this place.
 B = Non-inter-level travel time spent in this place.
 C = Inter-level travel time spent in this place.
 D = Time resting spent in this place.
 E = Time spent auto-exploring this place.
 F = Levels seen in this place.
 G = Mean time per level.
                   A        B        C        D        E       F      G
               +--------+--------+--------+--------+--------+-----+--------+
         Total |   2308 |   2159 |    149 |      0 |   1640 |   3 |  769.3 |
       Dungeon |   2308 |   2159 |    149 |      0 |   1640 |   3 |  769.3 |
               +--------+--------+--------+--------+--------+-----+--------+

Top non-repeatable levels by time:
     D:1: 1258 daAuts
     D:2: 1016 daAuts
     D:3: 34 daAuts
